 Dungeon Crawl Stone Soup version 0.29.1-13-g9f3cf754e1 (webtiles) character file.

Game seed: 7006017600507785258

45174 LSt the Fencer (level 14, 56/138 HPs)
             Began as a Black Draconian Gladiator on Feb 8, 2023.
             Was a High Priest of Trog.
             Quit the game on level 13 of the Dungeon.
             The game lasted 01:47:25 (18286 turns).

LSt the Fencer (Black Draconian Gladiator)         Turns: 18286, Time: 01:47:26

Health: 56/138     AC: 16    Str: 17    XL:     14   Next: 0%
Magic:  14/14      EV: 15    Int: 10    God:    Trog [*****.]
Gold:   991        SH:  0    Dex: 22    Spells: 13/13 levels left

rFire   . . .      SeeInvis .   a - +1 long sword
rCold   . . .      Faith    .   (no shield)
rNeg    . . .      Spirit   .   (body armour unavailable)
rPois   .          Reflect  .   j - +0 hat
rElec   +          Harm     .   v - +2 cloak
rCorr   .          Rampage  .   k - +0 pair of gloves {hurl}
Will    +....                   (no boots)
Stlth   +++.......              J - amulet of regeneration
HPRegen 1.13/turn               o - +6 ring of dexterity
MPRegen 0.14/turn               w - +4 ring of protection

@: flying
A: breathe lightning, AC +8, unfitting armour, big wings, electricity
resistance, cold-blooded
a: Breathe Lightning, Renounce Religion, Berserk, Trog's Hand, Brothers in Arms


You were on level 13 of the Dungeon.
You worshipped Trog.
Trog was extremely pleased with you.
You visited 4 branches of the dungeon, and saw 17 of its levels.
You also visited: Bailey.

You collected 1861 gold pieces.
You spent 870 gold pieces at shops.

Inventory:

Hand Weapons
 a - a +1 long sword (weapon)
 b - the +11 shortbow of Moderation {flame, Will+ Str+4 Stlth+}
   (You took it off a spriggan in a bailey)

   Any ammunition fired from it burns those it strikes, dealing additional fire
   damage.
   Str:       It affects your strength (+4).
   Will:      It increases your willpower.
   Stlth:     It makes you more stealthy.
 f - a +1 dagger of venom
 u - the +11 battleaxe "Bewa" {spect, rC++ rN+}
   (You found it in a bailey)

   When its wielder attacks, the weapon's spirit leaps out and strikes again.
   The spirit shares a part of any damage it takes with its wielder.
   rC:        It greatly protects you from cold.
   rN:        It protects you from negative energy.
 B - a +3 vorpal dire flail
 D - the +10 whip of Prudence {protect, rPois Int+7}
   (You found it on level 7 of the Dungeon)

   It grants its wielder temporary protection when it strikes (+7 to AC).
   Int:       It affects your intelligence (+7).
   rPois:     It protects you from poison.
Missiles
 c - 5 throwing nets
 d - a javelin
 p - 11 poisoned darts (quivered)
 q - 2 silver boomerangs
 x - 2 atropa-tipped darts
 I - 3 curare-tipped darts
 V - a boomerang of dispersal
Armour
 j - a +0 hat (worn)
 k - a +0 pair of gloves of hurling (worn)
 v - a +2 cloak (worn)
Jewellery
 o - a +6 ring of dexterity (left hand)
 t - a ring of flight
 w - a +4 ring of protection (right hand)
 z - a +6 ring of dexterity
 J - an amulet of regeneration (around neck)
 Q - an amulet of guardian spirit
Wands
 l - a wand of polymorph (6)
 E - a wand of iceblast (24)
 G - a wand of flame (2)
 O - a wand of quicksilver (5)
 T - a wand of paralysis (6)
Scrolls
 n - 7 scrolls of magic mapping
 r - 9 scrolls of teleportation
 y - a scroll of enchant weapon
 F - a scroll of fog
 H - a scroll of blinking
 M - 2 scrolls of immolation
 N - a scroll of identify
 P - 2 scrolls of noise
 S - 2 scrolls of poison
 U - a scroll of vulnerability
 X - 2 scrolls of fear
 Y - a scroll of enchant armour
 Z - a scroll of summoning
Potions
 e - 3 potions of ambrosia
 g - 2 potions of curing
 h - a potion of invisibility
 i - 4 potions of cancellation
 m - a potion of lignification
 s - 3 potions of might
 C - 4 potions of magic
 K - 4 potions of attraction
 R - 2 potions of haste
 W - 4 potions of heal wounds
Miscellaneous
 A - a tin of tremorstones (2/2)
 L - a condenser vane


   Skills:
 + Level 16.6 Fighting
 + Level 18.1 Long Blades
 - Level 1.7 Throwing
 - Level 5.0 Dodging
 - Level 4.0 Stealth
 - Level 2.0 Evocations


You had 13 spell levels left.
You didn't know any spells.
Your spell library contained the following spells:

 Spells                   Type           Power      Damage    Failure   Level
 Beastly Appendage        Tmut           0%         N/A       36%         1
 Slow                     Hex            0%         N/A       36%         1
 Blink                    Tloc           0%         N/A       50%         2
 Static Discharge         Conj/Air       0%         3-3/arc   50%         2
 Wereblood                Tmut           0%         N/A       50%         2
 Confusing Touch          Hex            0%         N/A       75%         3
 Spider Form              Tmut/Pois      0%         N/A       75%         3
 Vampiric Draining        Necr           0%         2d6       75%         3
 Animate Dead             Necr           0%         N/A       98%         4
 Dispel Undead            Necr           0%         3d6       98%         4
 Passage of Golubria      Tloc           0%         N/A       98%         4
 Sticky Flame             Conj/Fire      0%         2d3       98%         4
 Summon Lightning Spire   Summ/Air       0%         N/A       98%         4
 Borgnjor's Vile Clutch   Necr/Erth      0%         N/A       100%        5
 Fireball                 Conj/Fire      0%         3d3       100%        5
 Death Channel            Necr           0%         N/A       100%        6
 Starburst                Conj/Fire      0%         6d3       100%        6
 Ignition                 Fire           0%         3d3       100%        8


Dungeon Overview and Level Annotations

Branches:
Dungeon (13/15)            Temple (1/1) D:4            Lair (1/5) D:8
    Orc (2/2) D:10            Elf (0/3) Orc:2        Bailey (visited)
 Vaults: D:13-14

Altars:
Ashenzari
Cheibriados
Dithmenos
Elyvilon
Fedhas
Gozag
Hepliaklqana
Kikubaaqudgha
Makhleb
Nemelex Xobeh
Okawaru
Qazlal
Ru
Sif Muna
Trog
Uskayaw
Vehumet
Wu Jian
Xom
Yredelemnul
Zin
The Shining One

Shops:
D:7 =   D:9 !*   Orc:1 :   Orc:2 **([

Annotations:
D:10 2 transporters, Nursessee's ghost, novice HuHu
D:12 demonolist + hydra, exclusion: hydra
Lair:1 exclusion: 2 hydras


Innate Abilities, Weirdness & Mutations

You can breathe wild blasts of lightning.
Your glossy black scales are hard. (AC +8)
You cannot fit into any form of body armour.
Your large and strong wings let you fly.
You are resistant to electric shocks. (rElec)
You are cold-blooded and may be slowed by cold attacks.


Message History

You slash the deep elf pyromancer!
The deep elf pyromancer is moderately wounded.
The fire elemental hits you. The fire elemental burns you!
You miss the deep elf pyromancer. You tail-slap the deep elf pyromancer!
The deep elf pyromancer is heavily wounded.
The deep elf pyromancer hits you with a +0 dagger.
* * * LOW HITPOINT WARNING * * *
You slash the deep elf pyromancer!
Your tail-slap misses the deep elf pyromancer.
The deep elf pyromancer is severely wounded.
The fire elemental barely misses you.
The fire elemental completely misses you.
The deep elf pyromancer points at you and mumbles some strange words.
The bolt of fire misses you.
You slash the deep elf pyromancer!
The deep elf pyromancer is almost dead.
The fire elemental barely misses you. The fire elemental hits you.
The fire elemental burns you!
* * * LOW HITPOINT WARNING * * *
You slash the deep elf pyromancer!
You kill the deep elf pyromancer!
Trog accepts your kill.
Trog appreciates your killing of a magic user.
The fire elemental disappears in a puff of smoke! x2
You have reached level 14!
Your wings grow larger and stronger.
You see here a troll corpse.
You see here a wand of quicksilver (5).
O - a wand of quicksilver (5)
Found a book of Iron.
Found 14 gold pieces and 4 stones.
A deep elf pyromancer comes into view. It is wielding a +0 short sword.
Found a stone staircase leading down.
Saving game... please wait.
You hear a distant snort.
Hark!
There is a gateway to a gauntlet on this level.
Find the entrance quickly before the gate is sealed!
Welcome back, LSt the Black Draconian Gladiator.
Trog says: Kill them all!
Press ? for a list of commands and other information.
Are you sure you want to abandon this character and quit the game? (Confirm with "yes".)

#................##
#+
..................#
.................##
........#........#
.......####......+
...... #.......+
......###......#
......$.....###
...(...@..#
...:####.#.# ...#
#...#..# ...
#......# ..
.........
...###..... #..#
..>..# .... ....#
.e. ..###


There were no monsters in sight!

Vanquished Creatures
  An orc warlord (Orc:2)
  Snorg (Orc:2)
  A boulder beetle (D:11)
  2 hydras
  Harold (Orc:1)
  4 ogre magi (Orc:2)
  A centaur warrior (D:13)
  20 two-headed ogres
  An orc high priest (Orc:1)
  Sonja (Orc:2)
  A sixfirhy (D:12)
  An orc knight (Orc:1)
  A deep elf pyromancer (D:13)
  3 cyclopes
  An orc sorcerer (Orc:1)
  4 ugly things
  A manticore (D:11)
  A cane toad (Lair:1)
  Maggie (D:6)
  A gargoyle (D:11)
  A smoke demon (D:12)
  2 unseen horrors
  Psyche (D:9)
  A komodo dragon (Lair:1)
  3 ice devils (D:12)
  2 hellwings (D:12)
  A red devil (D:12)
  13 trolls
  5 slime creatures
  2 shadows
  3 yaks (D:10)
  3 wraiths
  3 spriggans (Bailey)
  A wyvern (D:10)
  2 basilisks
  A chaos spawn (D:12)
  5 steam dragons
  3 wargs
  6 vampire mosquitoes
  Menkaure (D:7)
  3 water moccasins
  3 ice beasts
  21 orc warriors
  A black bear (D:4)
  36 ogres
  4 centaurs
  A kobold brigand (D:6)
  5 bullfrogs
  A gnoll sergeant (D:8)
  2 scorpions
  6 wights (D:8)
  10 killer bees (D:8)
  3 electric eels (D:7)
  5 howler monkeys
  24 orc priests
  3 quasits (D:12)
  3 hounds
  Crazy Yiuf (D:3)
  A jelly (D:4)
  4 iguanas
  17 orc wizards
  5 gnolls (D:8)
  5 adders
  A shadow imp (D:7)
  A white imp (D:8)
  2 ufetubi
  A worm (D:3)
  3 dart slugs
  82 orcs
  8 endoplasms
  5 giant cockroaches
  A hobgoblin (D:2)
  10 kobolds
  A quokka (D:2)
  4 ball pythons
  5 bats
  5 frilled lizards
  2 rats (D:2)
  A spectral orc (D:6)
403 creatures vanquished.

Vanquished Creatures (others)
  A demonic plant (D:12)
  5 plants (D:3)
6 creatures vanquished.

Grand Total: 409 creatures vanquished

Notes
Turn   | Place    | Note
-------+----------+-------------------------------------------
     0 | D:1      | LSt the Draconian Gladiator began the quest for the Orb.
     0 | D:1      | Reached XP level 1. HP: 17/17 MP: 1/1
   531 | D:1      | Found a faded altar of an unknown god.
   531 | D:1      | Noticed a ynoxinul
   814 | D:1      | Reached XP level 2. HP: 25/25 MP: 2/2
  1177 | D:2      | Reached skill level 1 in Stealth
  1260 | D:2      | Reached XP level 3. HP: 28/31 MP: 3/3
  1714 | D:3      | Reached skill level 4 in Long Blades
  2322 | D:3      | Reached XP level 4. HP: 21/38 MP: 4/4
  2559 | D:3      | Found a runed translucent door.
  2560 | D:3      | Noticed Crazy Yiuf
  2846 | D:4      | Noticed a black bear
  2901 | D:3      | Killed Crazy Yiuf
  3178 | D:4      | Reached XP level 5. HP: 45/46 MP: 5/5
  3269 | D:4      | Reached skill level 5 in Long Blades
  3361 | D:4      | Found a staircase to the Ecumenical Temple.
  3370 | Temple   | Entered the Ecumenical Temple
  3502 | Temple   | Became a worshipper of Trog the Wrathful
  3802 | D:5      | Entered Level 5 of the Dungeon
  3831 | D:5      | Noticed an ogre
  4164 | D:5      | Reached skill level 1 in Evocations
  4164 | D:5      | Reached XP level 6. HP: 46/53 MP: 6/6
  4808 | D:6      | Reached skill level 6 in Long Blades
  4852 | D:6      | Found an iron altar of Okawaru.
  4976 | D:6      | Reached * piety under Trog
  4977 | D:6      | Your scales start taking on a glossy black colour.
  4977 | D:6      | Reached XP level 7. HP: 57/60 MP: 7/7
  4977 | D:6      | Gained mutation: You are resistant to electric shocks.
                  | (rElec) [Black Draconian growth]
  5028 | D:6      | Found an opulent altar of Gozag.
  5032 | D:6      | Reached skill level 5 in Fighting
  5122 | D:6      | Noticed Maggie
  5402 | D:6      | Reached skill level 7 in Long Blades
  5633 | D:6      | Killed Maggie
  5634 | D:6      | Reached XP level 8. HP: 70/70 MP: 8/8
  5737 | D:6      | Reached skill level 8 in Long Blades
  6043 | D:6      | Found a basalt altar of Yredelemnul.
  6428 | D:7      | Found Upelliaf's Jewellery Shop.
  6478 | D:7      | Noticed a troll
  6485 | D:7      | Killed a troll
  6486 | D:7      | Reached skill level 9 in Long Blades
  6592 | D:7      | Reached XP level 9. HP: 31/81 MP: 9/9
  6832 | D:7      | Identified the +10 whip of Prudence {protect, rPois Int+7}
  7289 | D:7      | Reached skill level 10 in Long Blades
  7540 | D:7      | Noticed Menkaure
  7544 | D:7      | Killed Menkaure
  7686 | D:7      | Bought an amulet of regeneration for 330 gold pieces
  7932 | D:8      | Noticed a white ugly thing
  7940 | D:8      | Killed a white ugly thing
  7941 | D:8      | Reached skill level 11 in Long Blades
  8004 | D:8      | Noticed a troll
  8014 | D:8      | Killed a troll
  8102 | D:8      | Noticed a brown ugly thing
  8109 | D:8      | Reached XP level 10. HP: 91/91 MP: 10/10
  8115 | D:8      | Killed a brown ugly thing
  8174 | D:8      | Got the Spellbook of Dislocated Breath
  8347 | D:8      | Reached ** piety under Trog
  8369 | D:8      | Reached skill level 10 in Fighting
  8369 | D:8      | Reached skill level 12 in Long Blades
  8553 | D:8      | Found a burning altar of Makhleb.
  8553 | D:8      | Noticed a cacodemon
  8607 | D:8      | Found a shadowy altar of Dithmenos.
  8770 | D:8      | Found a staircase to the Lair.
  9054 | D:9      | Noticed Psyche
  9058 | D:9      | Killed Psyche
  9177 | D:9      | Found Fusith's Distillery.
  9211 | D:9      | Found a stormy altar of Qazlal.
  9301 | D:9      | Found a flagged portal.
  9316 | Bailey   | Entered a bailey
  9380 | Bailey   | Noticed a two-headed ogre
  9394 | Bailey   | Killed a two-headed ogre
  9395 | Bailey   | Reached skill level 13 in Long Blades
  9527 | Bailey   | Identified the +11 shortbow of Moderation {flame, Will+
                  | Str+4 Stlth+}
  9707 | Bailey   | Identified the +11 battleaxe "Bewa" {spect, rC++ rN+}
  9873 | D:9      | Reached *** piety under Trog
 10117 | D:9      | Found Woytas's CLEARANCE SALE!.
 10122 | D:9      | Bought a condenser vane for 160 gold pieces
 10364 | D:10     | Entered Level 10 of the Dungeon
 10424 | D:10     | Noticed Nursessee's ghost (novice HuHu)
 10431 | D:10     | Found a transporter.
 10431 | D:10     | Noticed a tengu warrior
 10432 | D:10     | Found a bloodstained altar of Trog.
 10434 | D:10     | Noticed a moth of wrath
 10439 | D:10     | Found a transporter.
 10443 | D:10     | Noticed a two-headed ogre
 10454 | D:10     | Noticed a two-headed ogre
 10475 | D:10     | Noticed a cyclops
 10491 | D:10     | Killed a cyclops
 10492 | D:10     | Reached XP level 11. HP: 102/102 MP: 11/11
 10652 | D:10     | Noticed a two-headed ogre
 10666 | D:10     | Killed a two-headed ogre
 10775 | D:10     | Found a staircase to the Orcish Mines.
 10806 | D:10     | Reached skill level 14 in Long Blades
 10822 | D:10     | HP: 4/102 [orc warrior/+0 war axe (9)]
 10990 | D:10     | Found a radiant altar of Vehumet.
 11450 | D:11     | Noticed a boulder beetle
 11464 | D:11     | Killed a boulder beetle
 11665 | D:11     | Found a bloodstained altar of Trog.
 11990 | D:11     | Noticed an eight-headed hydra
 12001 | D:11     | Killed a 15-headed hydra
 12433 | D:12     | Noticed a brown ugly thing
 12444 | D:12     | Killed a brown ugly thing
 12445 | D:12     | Reached skill level 5 in Dodging
 12497 | D:12     | Reached skill level 15 in Long Blades
 12614 | D:12     | Reached XP level 12. HP: 112/112 MP: 12/12
 12830 | D:12     | Noticed a six-headed hydra
 12846 | D:12     | Killed a 15-headed hydra
 13117 | D:12     | Reached **** piety under Trog
 13167 | D:12     | Noticed a two-headed ogre
 13177 | D:12     | Killed a two-headed ogre
 13253 | D:12     | Noticed a two-headed ogre
 13262 | D:12     | Killed a two-headed ogre
 13469 | D:12     | Noticed a six-headed hydra
 14062 | D:12     | Identified the +0 leather armour of the Desolation of Salt
                  | {-Tele Regen+ rCorr Str+8}
 14315 | Lair:1   | Entered Level 1 of the Lair of Beasts
 14372 | Lair:1   | Noticed an eight-headed hydra
 14529 | Lair:1   | Reached skill level 16 in Long Blades
 14657 | Lair:1   | Noticed a seven-headed hydra
 15342 | Orc:1    | Entered Level 1 of the Orcish Mines
 15488 | Orc:1    | Found Uwnaedghu's Book Shop.
 15536 | Orc:2    | Entered Level 2 of the Orcish Mines
 15601 | Orc:2    | Noticed an orc warlord
 15626 | Orc:2    | Killed an orc warlord
 15708 | Orc:2    | Noticed a two-headed ogre
 15708 | Orc:2    | Noticed a two-headed ogre
 15714 | Orc:2    | Killed a two-headed ogre
 15721 | Orc:2    | Killed a two-headed ogre
 15764 | Orc:2    | Noticed an ogre mage
 15772 | Orc:2    | Reached XP level 13. HP: 118/125 MP: 13/13
 15916 | Orc:1    | Noticed Harold
 15928 | Orc:1    | Killed Harold
 16306 | Orc:2    | Reached skill level 15 in Fighting
 16365 | Orc:2    | Noticed Sonja
 16385 | Orc:2    | Killed Sonja
 16390 | Orc:2    | HP: 3/126 [poisoned by Sonja]
 16506 | Orc:2    | Reached skill level 17 in Long Blades
 16574 | Orc:2    | Noticed Snorg
 16585 | Orc:2    | Killed Snorg
 16945 | Orc:2    | Reached ***** piety under Trog
 17061 | Orc:2    | Received a gift from Trog
 17362 | Orc:2    | Found Pefut's Antique Armour Shoppe.
 17362 | Orc:2    | Found Lesin's Assorted Antiques.
 17381 | Orc:2    | Found Haofofink's Weapon Shop.
 17381 | Orc:2    | Found Hyhiuby's Assorted Antiques.
 17441 | Orc:2    | Found a staircase to the Elven Halls.
 17952 | Orc:2    | Reached skill level 18 in Long Blades
 18056 | Orc:2    | Bought a pair of runed gloves for 240 gold pieces
 18076 | Orc:2    | Bought a blackened golden ring for 140 gold pieces
 18265 | D:13     | Gained mutation: Your large and strong wings let you fly.
                  | [Black Draconian growth]
 18265 | D:13     | Reached XP level 14. HP: 33/138 MP: 14/14
 18286 | D:13     | Quit the game

Illustrated notes

Levels and vault maps discovered:
D:1:      dpeg_arrival_shrine, layout_basic,
          dreamdust_ecumenical_altar_sealed_demon, minivault_4
D:2:      layout_rooms
D:3:      layout_loops_ring, serial_bayou, serial_bayou_ford_a,
          serial_bayou_pond_c, serial_bayou_shore_b, serial_bayou_crossing,
          minmay_misc_feat_tower, uniq_crazy_yiuf_cottage
D:4:      layout_rooms, minmay_temple_entry_poolview, kennysheep_generic_room_11
D:5:      layout_rooms, nrook_campfire, minmay_liquid_box
D:6:      layout_basic, grunt_gozag_breadcrumbs,
          yredelemnul_forgotten_temple_becter, lemuel_round_altar, uniq_maggie
D:7:      layout_basic, serial_shops, nicolae_shop_waterfront,
          grunt_decor_resistance, grunt_decor_one_mirror, corner_web_ring,
          kennysheep_donut, uniq_menkaure
D:8:      wad_arrow_thing, layout_basic, makhleb_altar_promises_db,
          nicolae_dithmenos_through_a_glass_darkly
D:9:      layout_small_grid, lemuel_doored_altar, serial_shops,
          nicolae_shop_hallway_stairs, enter_bailey_2, amcnicky_mini_pool_small,
          nicolae_shop_clearance, uniq_psyche
D:10:     layout_roguey, mainiacjoe_overflow_small_starburst,
          david_orc_1_choice, gammafunk_ghost_wrathful_warriors
D:11:     layout_roguey, minmay_misc_feat_roman, trog_three_pillars_becter
D:12:     layout_loops_corners, serial_demonic, serial_demonic_d,
          serial_demonic_a, serial_demonic_f, serial_demonic_a,
          serial_demonic_c, serial_demonic_f
D:13:     layout_cave_pools, david_vaults_4, gauntlet_entry_generic,
          chequers_serial_rivers_marsh, kennysheep_generic_room_3
Temple:   nicolae_temple_bog_church
Lair:1:   layout_cave_shapes, nicolae_quartered_pool_impasse, st_stairs_9,
          lemuel_fruit_tree
Orc:1:    layout_diamond_mine, serial_shops, nicolae_shop_trees,
          bh_open_orc_temple, uniq_harold
Orc:2:    st_orc_ogre_mass, layout_caves, uniq_snorg, uniq_sonja

Skill      XL: |  1  2  3  4  5  6  7  8  9 10 11 12 13 |
---------------+----------------------------------------+-----
Stealth        | 1 2 4 |  4.0
Fighting       | 3 4 6 8 9 11 12 14 16 | 16.6
Long Blades    | 4 5 6 7 9 11 13 15 16 18 | 18.1
Evocations     | 1 2 |  2.0
Dodging        | 5 |  5.0
Throwing       | |  1.7

Action                   |  1- 3 |  4- 6 |  7- 9 | 10-12 | 13-15 || total
-------------------------+-------+-------+-------+-------+-------++-------
Melee: Long sword        |   119 |   112 |   145 |   759 |   313 ||  1448
       Tailslap          |    13 |    16 |    26 |   164 |    62 ||   281
       Dagger            |       |     1 |     5 |     8 |       ||    14
       Punch             |       |       |     2 |     6 |     3 ||    11
 Fire: Shortbow          |       |       |       |    11 |   107 ||   118
Throw: Stone             |     9 |    10 |     7 |    26 |       ||    52
       Dart              |       |    12 |    10 |     7 |     4 ||    33
       Boomerang         |       |       |       |     1 |       ||     1
Invok: Berserk           |       |       |     7 |    17 |     5 ||    29
       Trog's Hand       |       |       |       |     2 |     3 ||     5
 Abil: Breathe Lightning |       |       |     1 |     2 |       ||     3
  Use: Scroll            |     5 |     5 |     5 |     4 |     5 ||    24
       Potion            |     1 |     1 |     1 |       |     1 ||     4
 Stab: Sleeping          |     3 |     1 |     6 |    11 |       ||    21
       Distracted        |       |     1 |       |       |       ||     1
Armor: Skin              |    28 |    26 |    42 |   212 |    82 ||   390
Dodge: Dodged            |    82 |    53 |    91 |   426 |   166 ||   818
